 Dungeon Crawl Stone Soup version 0.17-a0-1900-g45e8110 (webtiles) character file.

49 tp1 the Conjurer (level 3, -9/19 HPs)
             Began as a Deep Elf Conjurer on Sept 24, 2015.
             Mangled by Crazy Yiuf
             ... wielding a +4 quarterstaff of chaos
              (15 damage)
             ... on level 2 of the Dungeon.
             The game lasted 00:09:22 (1291 turns).

tp1 the Conjurer (Deep Elf Conjurer)                Turns: 1291, Time: 00:09:22

Health: -9/19      AC:  2    Str:  6    XL:     3   Next: 51%
Magic:  4/10       EV: 19    Int: 19    God:
Gold:   77         SH:  0    Dex: 20    Spells: 1 memorised, 9 levels left

rFire  + + .     SeeInvis .     (no weapon)
rCold  + . .     Clarity  .     a - +0 robe
rNeg   . . .     SustAt   .     (no shield)
rPois  +         Gourm    .     (no helmet)
rElec  +         Spirit   .     (no cloak)
rCorr  +         Warding  .     (no gloves)
rMut   .         Stasis   .     (no boots)
MR     .....                    (no amulet)
Stlth  +++.......               (no ring)
                                f - ring of protection from fire

@: agile, resistant, not resistant to hostile enchantments, fairly stealthy
A: no striking features
a: no special abilities


You were on level 2 of the Dungeon.
You were not hungry.

You visited 1 branch of the dungeon, and saw 2 of its levels.

You collected 77 gold pieces.

Inventory:

Armour
 a - a +0 robe (worn)
Jewellery
 f - a ring of protection from fire (left hand)
Scrolls
 d - a scroll of identify
 i - a scroll of remove curse {unknown}
 k - a scroll of magic mapping {unknown}
 l - a scroll of fear {unknown}
Potions
 e - a potion of degeneration
 j - a potion of curing
Books
 b - a book of Conjurations

   Spells                             Type                      Level
   a - Magic Dart                     Conjuration                  1
   b - Searing Ray                    Conjuration                  2
   c - Dazzling Spray                 Conjuration/Hexes            3
   d - Fulminant Prism                Conjuration/Hexes            4
   e - Iskenderun's Mystic Blast      Conjuration                  4
   f - Iskenderun's Battlesphere      Conjuration/Charms           5
Comestibles
 c - 2 bread rations


   Skills:
 - Level 2.7 Dodging
 - Level 2.6 Stealth
 * Level 4.1 Spellcasting
 - Level 5.1 Conjurations


You had 9 spell levels left.
You knew the following spells:

 Your Spells              Type           Power        Failure   Level  Hunger
a - Magic Dart            Conj           ###.         1%          1    None


Dungeon Overview and Level Annotations

Branches:
Dungeon (2/15)

Altars:

Annotations:
D:2 Crazy Yiuf


Message History

Crazy Yiuf barely misses you.
Casting: Magic Dart
Confirm with . or Enter, or press ? or * to list all spells.
Aiming: Magic Dart
Press: ? - help, Shift-Dir - straight line, f/p - Crazy Yiuf
Aim: Crazy Yiuf, wielding a quarterstaff of chaos and wearing a cloak (heavily wounded)
The magic dart hits Crazy Yiuf.
Crazy Yiuf is heavily wounded.
Crazy Yiuf closely misses you.
Casting: Magic Dart
Confirm with . or Enter, or press ? or * to list all spells.
Aiming: Magic Dart
Press: ? - help, Shift-Dir - straight line, f/p - Crazy Yiuf
Aim: Crazy Yiuf, wielding a quarterstaff of chaos and wearing a cloak (heavily wounded)
The magic dart hits Crazy Yiuf.
Crazy Yiuf is severely wounded.
Crazy Yiuf screams, "Key!"
Crazy Yiuf hits you with a quarterstaff of chaos!
Ouch! That really hurt!
You die...

..............>...###.####..#
.#.####.###.#.....##...#....#
#..# #.# #..............#.##
##.# #.#
################.###### #.##
#.# #........ .######.##
########.###### .........#
### ###.#.P.##.# ...####.##
#...##..#.P.....# .#...[.).#
#...g@####PP....# ........##
#)..### ##..#..# #######.#
### ########### #.# #....<.#
#.# ######.# #.# ###### #.#
#.# #.##.# #.# #.# #.##.#
#.## #.# #.##.# #.#[


You could see Crazy Yiuf.

Vanquished Creatures
  An adder (D:2)
  A giant gecko (D:1)
  A goblin (D:1)
  11 hobgoblins
  5 bats
  2 giant cockroaches
  3 giant newts (D:1)
  8 kobolds
  5 rats
37 creatures vanquished.

Notes
Turn   | Place    | Note
--------------------------------------------------------------
     0 | D:1      | tp1 the Deep Elf Conjurer began the quest for the Orb.
     0 | D:1      | Reached XP level 1. HP: 10/10 MP: 6/6
   252 | D:2      | Reached XP level 2. HP: 15/15 MP: 5/8
   415 | D:1      | Reached skill level 5 in Conjurations
   828 | D:2      | Reached XP level 3. HP: 19/19 MP: 6/9
  1266 | D:2      | Noticed Crazy Yiuf
  1291 | D:2      | Mangled by Crazy Yiuf

Vault maps used:
D:1:      dpeg_arrival_rooms_c, minmay_misc_feat_room
D:2:      uniq_crazy_yiuf_cottage

Action                   || total
-------------------------++-------
Melee: Unarmed           ||    11
 Cast: Magic Dart        ||    68
  Use: Potion            ||     4
       Scroll            ||     1
  Eat: Pizza             ||     1
